 Dungeon Crawl Stone Soup version 0.17-a0-1804-gf6433eb (webtiles) character file.

363 abixa the Chopper (level 6, -8/47 HPs)
             Began as a Ghoul Artificer on Sept 11, 2015.
             Mangled by an ogre
             ... wielding a +0 giant club
              (15 damage)
             ... on level 4 of the Dungeon.
             The game lasted 00:11:46 (2836 turns).

abixa the Chopper (Ghoul Artificer)                 Turns: 2836, Time: 00:11:46

Health: -8/47      AC:  6    Str: 15    XL:     6   Next: 67%
Magic:  7/7        EV:  9    Int:  7    God:
Gold:   210        SH:  0    Dex: 11    Spells: 0 memorised, 5 levels left

rFire  . . .     SeeInvis .     x - +3 hand axe (freeze)
rCold  + . .     Clarity  .     h - +0 scale mail
rNeg   + + +     SustAt   .     (no shield)
rPois  ∞         Gourm    .     (no helmet)
rElec  .         Spirit   .     (no cloak)
rCorr  .         Warding  .     (no gloves)
rMut   .         Rnd*Tele +     (no boots)
MR     .....                    (no amulet)
Stlth  ..........               A - ring of teleportation (curse)
                                s - ring of loudness (curse)

@: rotting, not resistant to hostile enchantments, extremely unstealthy
A: rotting body, claws 1, carnivore 3, cold resistance 1, negative energy
resistance 3, slow healing 1, torment resistance, unbreathing
a: Evoke Teleportation


You were on level 4 of the Dungeon.
You were not hungry.

You visited 1 branch of the dungeon, and saw 4 of its levels.

You collected 210 gold pieces.

Inventory:

Hand weapons
 l - a +0 spear
 x - a +3 hand axe of freezing (weapon)
Missiles
 i - 70 stones (quivered)
 n - 128 bolts
 r - 55 arrows
 t - 31 sling bullets
 B - 18 sling bullets of flame
Armour
 h - a +0 scale mail (worn)
Jewellery
 s - a cursed ring of loudness (left claw)
 A - a cursed ring of teleportation (right claw)
Magical devices
 c - a wand of flame (15)
 d - a wand of enslavement (15)
 e - a wand of random effects (15)
 I - a wand of confusion (19)
Scrolls
 a - 2 scrolls of amnesia {unknown}
 b - a scroll of enchant armour {unknown}
 o - a scroll of remove curse {unknown}
 p - 2 scrolls of identify {unknown}
 q - a scroll of noise {unknown}
 u - a scroll of random uselessness {unknown}
 y - 2 scrolls of teleportation {unknown}
 z - a scroll of blinking {unknown}
 C - a scroll of recharging {unknown}
 D - a scroll of fog {unknown}
 F - a scroll of immolation {unknown}
 G - a scroll of fear {unknown}
Potions
 g - a potion of agility {unknown}
 k - a potion of flight {unknown}
 m - 3 potions of curing {unknown}
 v - a potion of ambrosia {unknown}
 E - a potion of mutation {unknown}
 H - a potion of poison {unknown}
Comestibles
 f - 6 meat rations
 j - 3 beef jerkies
 w - 2 chunks of flesh


   Skills:
 - Level 1.1 Fighting
   Level 0.8 Short Blades
 + Level 5.9 Axes
 - Level 1.7 Dodging
 - Level 1.1 Stealth
 - Level 2.6 Evocations


You had 5 spell levels left.
You didn't know any spells.

Dungeon Overview and Level Annotations

Branches:
Dungeon (4/15)
 Temple: D:4-7

Altars:
Dithmenos
Makhleb
Qazlal
Ru
Sif Muna


Innate Abilities, Weirdness & Mutations

Your body is rotting away.
You thrive on raw meat.
You are immune to poison.
You have sharp fingernails.
You are carnivorous and can eat meat at any time.
Your flesh is cold resistant.
You are immune to negative energy.
You heal slowly when monsters are visible.
You are immune to unholy pain and torment.
You can survive without breathing.


Message History

You are too injured to fight recklessly!
You are too injured to fight recklessly!
You are too injured to fight recklessly!
You are too injured to fight recklessly!
You hit the iguana but do no damage.
The iguana is almost dead.
The iguana barely misses you.
You hit the iguana. You freeze the iguana.
You kill the iguana!
You hit the ogre. You freeze the ogre.
The ogre is moderately wounded.
The ogre hits you with a giant club.
You hit the ogre. You freeze the ogre.
The ogre is severely wounded.
The ogre hits you with a giant club!!
* * * LOW HITPOINT WARNING * * *
You barely miss the ogre.
The ogre is severely wounded.
The ogre hits you with a giant club!
You die...

#.........# #.#
#####.######## ## #.#
#....#.......# ##### .# #.#
#.###.######.# ..... .#
##.###.###.# ##.##....$.
.###...##...#.#####...#......
.....#.......................
####...##...#.#####...#!.....
##.###.###....@O..........
#.# #.# #..####...#...... #.#
#.# #..# ##.## ..... #.# #..
.... ..# #.#. #####.. <..
...# #### .. ..... .. .. .
##### #. #.. #..


You could see an ogre.

Vanquished Creatures
  A hound (D:4)
  A jelly (D:4)
  2 orc priests (D:4)
  An orc wizard (D:3)
  2 iguanas (D:4)
  2 worker ants (D:4)
  An adder (D:2)
  4 worms
  A giant gecko (D:1)
  5 orcs
  14 bats
  A giant cockroach (D:2)
  7 hobgoblins
  10 jackals
  A quokka (D:3)
  5 giant newts
  10 goblins
  10 kobolds
  7 rats
85 creatures vanquished.

Notes
Turn   | Place    | Note
--------------------------------------------------------------
     0 | D:1      | abixa the Ghoul Artificer began the quest for the Orb.
     0 | D:1      | Reached XP level 1. HP: 16/16 MP: 1/1
     4 | D:1      | Noticed an electric eel
   231 | D:1      | Reached skill level 1 in Axes
   421 | D:1      | Reached XP level 2. HP: 23/23 MP: 3/3
   769 | D:1      | Reached XP level 3. HP: 17/28 MP: 4/4
  1280 | D:2      | Reached skill level 3 in Axes
  1280 | D:2      | Reached XP level 4. HP: 12/35 MP: 5/5
  1788 | D:3      | Found a stormy altar of Qazlal.
  2133 | D:3      | Found a deep blue altar of Sif Muna.
  2462 | D:3      | Reached skill level 4 in Axes
  2462 | D:3      | Reached XP level 5. HP: 24/40 MP: 6/6
  2538 | D:4      | Reached skill level 5 in Axes
  2538 | D:4      | Reached XP level 6. HP: 27/47 MP: 7/7
  2564 | D:4      | Found a shadowy altar of Dithmenos.
  2641 | D:4      | Found a burning altar of Makhleb.
  2663 | D:4      | Found a sacrificial altar of Ru.
  2820 | D:4      | Noticed an ogre
  2836 | D:4      | Mangled by an ogre

Vault maps used:
D:1:      arrival_aquarium_a
D:3:      grunt_qazlal_clouds, first_bread, hangedman_decor_push,
          lemuel_blue_sif_altar
D:4:      makhleb_heckhound_becter, gammafunk_temple_overflow_pools,
          nicolae_ru_the_path_less_chosen, grunt_dithmenos_smoke, uniq_grinder,
          uniq_eustachio

Action                   |  1- 3 |  4- 6 || total
-------------------------+-------+-------++-------
Melee: Short sword       |   153 |       ||   153
       Hand axe          |    66 |   125 ||   191
  Eat: Chunk             |    12 |    14 ||    26
